 Dungeon Crawl Stone Soup version 0.19.0-20-gbc5f0c6 (webtiles) character file.

1734 LORDOFBUTT the Cleaver (level 8, -1/64 HPs)
             Began as a Minotaur Berserker on Nov 16, 2016.
             Was an Elder of Trog.
             Slain by a sky beast (2 damage)
             ... on level 5 of the Dungeon.
             The game lasted 00:08:05 (4862 turns).

LORDOFBUTT the Cleaver (Minotaur Berserker)         Turns: 4862, Time: 00:08:06

Health: -1/64      AC:  6    Str: 29    XL:     8   Next: 76%
Magic:  7/7        EV: 16    Int:  4    God:    Trog [****..]
Gold:   237        SH:  0    Dex: 10    Spells: 0 memorised, 7 levels left

rFire  . . .     SeeInvis .     a - +0 hand axe
rCold  . . .     Gourm    .     b - +0 animal skin
rNeg   . . .     Faith    .     (no shield)
rPois  .         Spirit   .     (helmet restricted)
rElec  .         Reflect  .     (no cloak)
rCorr  .         Harm     .     (no gloves)
MR     +....                    (no boots)
Stlth  +.........               (no amulet)
                                g - +4 ring of protection
                                v - ring of protection from magic

@: mighty
A: retaliatory headbutt, horns 2
a: Berserk, Trog's Hand, Brothers in Arms, Burn Spellbooks, Renounce Religion


You were on level 5 of the Dungeon.
You worshipped Trog.
Trog was greatly pleased with you.
You were hungry.

You visited 1 branch of the dungeon, and saw 6 of its levels.

You collected 237 gold pieces.

Inventory:

Hand Weapons
 a - a +0 hand axe (weapon)
Armour
 b - a +0 animal skin (worn)
Jewellery
 g - a +4 ring of protection (right hand)
 v - a ring of protection from magic (left hand)
Wands
 x - a wand of flame (18/48)
Scrolls
 d - a scroll of recharging
 e - 8 scrolls of identify {unknown}
 k - 2 scrolls of teleportation
 l - 2 scrolls of enchant armour {unknown}
 n - 3 scrolls of amnesia {unknown}
 o - a scroll of immolation {unknown}
 q - a scroll of fear {unknown}
 r - 3 scrolls of magic mapping {unknown}
 t - 3 scrolls of remove curse {unknown}
 u - a scroll of random uselessness {unknown}
 y - a scroll of vulnerability {unknown}
Potions
 f - 3 potions of degeneration
 i - a potion of cure mutation
 j - a potion of curing
 m - a potion of heal wounds {unknown}
 s - a potion of lignification {unknown}
 w - a potion of magic {unknown}
Comestibles
 c - 4 bread rations
 h - 2 meat rations


   Skills:
 - Level 3.6 Fighting
 + Level 10.1 Axes
 - Level 2.4 Armour
 + Level 9.1 Dodging


You had 7 spell levels left.
You didn't know any spells.

Dungeon Overview and Level Annotations

Branches:
Dungeon (6/15)             Temple (0/1) D:5

Altars:
Cheibriados
Kikubaaqudgha
Makhleb
Ru
The Shining One

Shops:
D:5 *


Innate Abilities, Weirdness & Mutations

You reflexively headbutt those who attack you in melee.
You have a pair of horns on your head.


Message History

The sky beast is moderately wounded.
The sky beast closely misses you.
You feel very mighty all of a sudden.
The sky beast flickers out of sight!
Deactivating autopickup; reactivate with Ctrl-A.
Something hits you but does no damage.
You miss something. Your headbutt misses something. You closely miss something.
Your headbutt misses something. Something hits you but does no damage.
You miss something. Your headbutt misses something.
Something hits you but does no damage.
You barely miss something. Your headbutt misses something.
Something barely misses you.
You slash something! Your headbutt misses something. Something hits you.
* * * LOW HITPOINT WARNING * * *
Something shocks you.
* * * LOW HITPOINT WARNING * * *
You barely miss something. Your headbutt misses something. You hit something.
Your headbutt misses something. Something hits you.
You die...

#..................#
#....#.##
###########........#
#....'... #........#
#....#.## #........#
#....#.## #........#
#....#.## #........#
###'##.## #........#
#.##..#
##########...{....#
#.###.#
#............@....#
#.# #.#
#...........#######
#.# #.#
#...........# #.#
#.. #...........#
#.# ##.
#...........# #.#
##. #...........#
#.# #..
#...........# #.#
#.# #...........#
### #.# #.#
#...........# #<#
#.# #.#


There were no monsters in sight!

Vanquished Creatures
  Sigmund (D:6)
  Edmund (D:6)
  An orc warrior (D:6)
  A sky beast (D:6)
  A phantom (D:5)
  An ogre (D:4)
  2 centaurs
  2 scorpions (D:4)
  A jelly (D:4)
  A gnoll shaman (D:4)
  A hound (D:5)
  3 orc priests
  Jessica (D:2)
  4 orc wizards
  2 iguanas
  Natasha (thrice) (D:4)
  8 worker ants
  5 adders
  4 gnolls (D:4)
  A howler monkey skeleton (D:4)
  A shadow imp (D:4)
  An ooze (D:5)
  An adder skeleton (D:5)
  4 worms
  2 dart slugs (D:3)
  2 leopard geckos (D:1)
  12 orcs
  8 giant cockroaches
  5 hobgoblins
  11 jackals
  A kobold (D:2)
  4 quokkas
  9 bats
  3 frilled lizards
  9 goblins
  A quokka skeleton (D:5)
  9 rats
127 creatures vanquished.

Notes
Turn   | Place    | Note
-------+----------+-------------------------------------------
     0 | D:1      | LORDOFBUTT the Minotaur Berserker began the quest for the Orb.
     0 | D:1      | Reached XP level 1. HP: 19/19 MP: 0/0
     6 | D:1      | Noticed a hound
     6 | D:1      | Noticed a black mamba
     6 | D:1      | Noticed a rime drake
     6 | D:1      | Noticed a black bear
   215 | D:1      | Reached XP level 2. HP: 26/26 MP: 1/1
   356 | D:1      | Reached skill level 4 in Axes
   798 | D:2      | Reached XP level 3. HP: 10/31 MP: 2/2
  1236 | D:2      | Found a sacrificial altar of Ru.
  1326 | D:2      | Reached skill level 5 in Axes
  1326 | D:2      | Reached XP level 4. HP: 21/39 MP: 3/3
  1341 | D:2      | Reached ** piety under Trog
  1431 | D:2      | Found an ancient bone altar of Kikubaaqudgha.
  1592 | D:2      | Noticed Jessica
  1599 | D:2      | Killed Jessica
  1700 | D:3      | Found a glowing golden altar of the Shining One.
  1785 | D:3      | Found a faded altar of an unknown god.
  1785 | D:3      | Found a faded altar of an unknown god.
  1791 | D:3      | Found a faded altar of an unknown god.
  1793 | D:3      | Found a faded altar of an unknown god.
  1795 | D:3      | Found a burning altar of Makhleb.
  1863 | D:3      | Reached XP level 5. HP: 21/45 MP: 4/4
  2034 | D:3      | Found a snail-covered altar of Cheibriados.
  2193 | D:4      | Reached skill level 6 in Axes
  2193 | D:4      | Reached skill level 5 in Dodging
  2201 | D:4      | Reached *** piety under Trog
  2203 | D:4      | HP: 1/67 [gnoll/halberd (4)]
  2516 | D:4      | Reached XP level 6. HP: 51/51 MP: 5/5
  2614 | D:4      | Reached skill level 7 in Axes
  2726 | D:4      | Noticed Natasha
  2737 | D:4      | Killed Natasha
  2737 | D:4      | Reached XP level 7. HP: 57/57 MP: 6/6
  3261 | D:4      | Noticed Natasha
  3272 | D:4      | Killed Natasha
  3565 | D:4      | Noticed Natasha
  3571 | D:4      | Killed Natasha
  3571 | D:4      | Reached skill level 8 in Axes
  3820 | D:5      | Entered Level 5 of the Dungeon
  3859 | D:5      | Found a staircase to the Ecumenical Temple.
  4156 | D:5      | Reached **** piety under Trog
  4332 | D:5      | Reached XP level 8. HP: 44/64 MP: 7/7
  4335 | D:5      | Found Wafuf's Assorted Antiques.
  4551 | D:6      | Noticed Edmund
  4558 | D:6      | Reached skill level 9 in Axes
  4568 | D:6      | Killed Edmund
  4801 | D:6      | Noticed Sigmund
  4811 | D:6      | Killed Sigmund
  4811 | D:6      | Reached skill level 10 in Axes
  4860 | D:5      | HP: 1/64 [something (5)]
  4862 | D:5      | Slain by a sky beast

Skill      XL: |  1  2  3  4  5  6  7  8 |
---------------+-------------------------+-----
Axes           | 4 5 6 7 8 10 | 10.1
Dodging        | 3 4 5 6 7 9 |  9.1
Fighting       | |  3.6
Armour         | |  2.4

Action                   |  1- 3 |  4- 6 |  7- 9 || total
-------------------------+-------+-------+-------++-------
Melee: Hand axe          |    68 |   116 |   177 ||   361
       Headbutt          |     9 |    26 |    30 ||    65
Invok: Berserk           |       |     4 |     3 ||     7
  Use: Scroll            |     2 |       |       ||     2
       Potion            |       |       |     5 ||     5
 Stab: Paralysed         |     1 |       |       ||     1
       Sleeping          |       |     1 |       ||     1
  Eat: Chunk             |     1 |     3 |     3 ||     7
       Bread ration      |       |     1 |       ||     1
       Meat ration       |       |       |     1 ||     1
       Beef jerky        |       |       |     1 ||     1
Armor: Animal skin       |    13 |    16 |    30 ||    59
Dodge: Dodged            |    50 |    62 |    94 ||   206
